AoeStats
← PATO BULLRICH

Arabia

508361170Analyzed
2v2 RM · 9d ago on Sep 22, 2026· 50m 36s· 4 players
Game mode
Random Map
Map size
Medium (4 player)
Population
200
Speed
Normal
Resources
Standard
Victory
Conquest
Starting age
Dark Age
Ending age
Imperial Age
RankedLock teamsTeams togetherTeam positionsShared explorationLock speedFull tech treeHidden civsTurbo modeCheats
Victory
Defeat
🇺🇸 Maya · United States
1107
+15
🇺🇸 Wei · United States
1106
+15
🇦🇷 Chinese · Argentina
1145
-17
🇺🇸 Georgians · United States
1026
-13
acmoon16
0:25 Loom
10:13 Feudal Age
10:15 Man-at-Arms
10:37 Horse Collar
10:48 Double-Bit Axe
11:10 Horse Collar
14:51 Wheelbarrow
20:46 Castle Age
19:53 Fletching
20:03 Padded Archer Armor
21:42 Bow Saw
21:47 Crossbowman
22:43 Heavy Plow
23:37 Hand Cart
23:18 Gold Mining
24:41 Bodkin Arrow
25:40 Leather Archer Armor
26:44 Elite Skirmisher
28:39 Ballistics
28:27 Thumb Ring
29:52 Stone Mining
31:26 Treadmill Crane
31:57 Masonry
31:40 Town Watch
32:10 Forging
32:01 Scale Mail Armor
32:04 Arson
32:19 Squires
31:42 Eagle Warrior
32:47 Town Patrol
33:51 Chain Mail Armor
34:12 Iron Casting
38:37 Imperial Age
38:24 Hul'che Javelineers
39:52 Crop Rotation
40:23 Two-Man Saw
40:28 Bracer
40:59 Ring Archer Armor
41:36 Elite Eagle Warrior
43:17 Holcans
43:09 Conscription
44:55 Chemistry
44:57 Blast Furnace
45:35 Hoardings
46:02 Plate Mail Armor
47:25 Architecture
46:51 Murder Holes
47:09 Pikeman
JShizzle
7:45 Loom
11:01 Feudal Age
12:32 Double-Bit Axe
12:31 Horse Collar
17:02 Scale Barding Armor
18:28 Forging
18:49 Gold Mining
23:30 Castle Age
22:44 Stone Mining
23:41 Bloodlines
25:17 Chain Barding Armor
25:33 Iron Casting
25:34 Husbandry
27:13 Wheelbarrow
27:05 Heavy Plow
30:55 Gold Shaft Mining
30:32 Bow Saw
31:20 Fletching
32:09 Bodkin Arrow
32:38 Hand Cart
37:09 Ballistics
43:17 Imperial Age
40:34 Town Watch
40:48 Murder Holes
42:58 Fortified Wall
42:53 Tuntian
44:39 Ming Guang Armor
43:56 Elite Tiger Cavalry
45:34 Conscription
50:14 Blast Furnace
49:15 Bracer
PATO BULLRICH
0:32 Loom
9:58 Feudal Age
12:38 Double-Bit Axe
12:36 Horse Collar
17:41 Fletching
17:52 Padded Archer Armor
22:47 Castle Age
22:52 Crossbowman
23:31 Bodkin Arrow
23:55 Leather Archer Armor
28:43 Ballistics
31:53 Gold Mining
35:18 Imperial Age
34:15 Thumb Ring
34:52 Wheelbarrow
37:12 Chemistry
36:14 Bracer
36:46 Ring Archer Armor
35:46 Arbalester
37:06 Ring Archer Armor
43:36 Stone Mining
44:23 Gold Shaft Mining
48:39 Conscription
48:44 Hand Cart
zeleres
5:58 Loom
11:35 Feudal Age
14:13 Double-Bit Axe
21:45 Gold Mining
26:49 Castle Age
25:10 Fletching
26:08 Padded Archer Armor
27:12 Wheelbarrow
27:57 Bow Saw
28:04 Leather Archer Armor
27:20 Crossbowman
28:44 Stone Mining
28:44 Town Watch
30:09 Bodkin Arrow
30:22 Elite Skirmisher
33:55 Murder Holes
36:05 Ballistics
36:59 Treadmill Crane
43:00 Imperial Age
41:21 Forging
41:16 Scale Barding Armor
42:21 Svan Towers
42:22 Guard Tower
43:49 Stone Shaft Mining
43:26 Masonry
43:19 Horse Collar
43:59 Scale Barding Armor
44:35 Conscription
44:28 Bracer
44:31 Heavy Plow
45:17 Hand Cart
46:51 Crop Rotation
47:29 Iron Casting
48:20 Onager
50:57 Chemistry
49:59 Heavy Cavalry Archer
Connection lost

Rejoining the realm…

Still unreachable

The connection could not be restored.

Session expired

The server has moved on; the page needs a fresh start.